 Dungeon Crawl Stone Soup version 0.32-a0-732-ga344392067 (webtiles) character file.

Game seed: 198386382030564615

10956 gimp the Basher (level 11, -15/129 HPs)
             Began as an Armataur Monk on Mar 17, 2024.
             Was an Elder of Trog.
             Demolished by a large slime creature (18 damage)
             ... on level 12 of the Dungeon.
             The game lasted 00:16:39 (9369 turns).

gimp the Basher (Armataur Monk)                     Turns: 9369, Time: 00:16:39

Health: -15/129    AC: 24    Str: 20    XL:     11   Next: 43%
Magic:  11/11      EV:  4    Int: 10    God:    Trog [****..]
Gold:   246        SH:  0    Dex: 17    Spells: 10/10 levels left

rFire   + . .        a - +3 morningstar (holy)
rCold   + . .        d - orb {light}
rNeg    . . .        s - +0 plate armour
rPois   +            u - +1 helmet
rElec   .            C - +0 cloak of Waec Doe {+Inv rF+ Dex+3}
rCorr   .            E - +1 pair of gloves
SInv    .            (no barding)
Will    .....        k - amulet of regeneration Stlth
                     j - ring of poison resistance
HPRegen 1.21/turn    w - ring of protection from cold
MPRegen 0.12/turn

%: roll
@: berserking, glowing, very quick
A: large, deformed body, tough skin 3, armoured tail, rollpage 2, iridescent
scales 2
a: Renounce Religion, Evoke Invisibility, Berserk, Trog's Hand, Brothers in Arms


You were on level 12 of the Dungeon.
You worshipped Trog.
Trog was greatly pleased with you.
You visited 2 branches of the dungeon, and saw 13 of its levels.

You collected 758 gold pieces.
You spent 512 gold pieces at shops.

Inventory:

Hand Weapons
 a - a +3 morningstar of holy wrath (weapon)
 b - a +0 flail
Missiles
 y - 8 curare-tipped darts
Armour
 d - an orb of light (worn)
 s - a +0 plate armour (worn)
 u - a +1 helmet (worn)
 C - the +0 cloak of Waec Doe (worn) {+Inv rF+ Dex+3}
   (You bought it in a shop on level 7 of the Dungeon)

   Dex+3:     It affects your dexterity (+3).
   rF+:       It protects you from fire.
   +Inv:      It lets you turn invisible.
 E - a +1 pair of gloves (worn)
Jewellery
 i - a ring of magical power
 j - a ring of poison resistance (left hand)
 k - an amulet of regeneration (around neck)
 w - a ring of protection from cold (right hand)
Wands
 p - a wand of quicksilver (2)
 q - a wand of flame (64)
 x - a wand of iceblast (14)
Scrolls
 f - a scroll of blinking {unknown}
 g - 3 scrolls of poison
 h - 2 scrolls of amnesia {unknown}
 m - 4 scrolls of enchant weapon
 n - 4 scrolls of teleportation
 r - a scroll of noise
 t - 3 scrolls of revelation
 B - a scroll of immolation
 D - 2 scrolls of fog
 H - a scroll of enchant armour {unknown}
 J - a scroll of vulnerability {unknown}
Potions
 c - a potion of ambrosia
 e - 3 potions of mutation
 l - 3 potions of lignification
 o - 4 potions of might
 v - a potion of magic
 z - 2 potions of attraction
 A - 2 potions of enlightenment
 F - a potion of haste
 G - 3 potions of heal wounds {unknown}
 I - 2 potions of invisibility


   Skills:
 - Level 5.0 Fighting
 * Level 13.4 Maces & Flails
 + Level 12.0 Armour
 - Level 2.1 Dodging


You had 10 spell levels left.
You didn't know any spells.
Your spell library contained the following spells:

 Spells                   Type           Power      Damage    Failure   Level
 Sting                    Conj/Alch      0%         1d3       99%         1
 Mercury Vapours          Alch/Air       0%         N/A       100%        2
 Olgreb's Toxic Radiance  Alch           0%         N/A       100%        4


Dungeon Overview and Level Annotations

Branches:
Dungeon (12/15)            Temple (1/1) D:6            Lair (0/5) D:8
    Orc: D:9-12

Altars:
Ashenzari
Cheibriados
Dithmenos
Elyvilon
Fedhas
Gozag
Hepliaklqana
Kikubaaqudgha
Makhleb
Nemelex Xobeh
Okawaru
Qazlal
Ru
Sif Muna
Trog
Uskayaw
Vehumet
Wu Jian
Xom
Yredelemnul
Zin
The Shining One

Shops:
D:4 [*!   D:7 [[   D:10 (

Annotations:
D:4 2 transporters
D:9 1 runed translucent door, exclusion: door


Innate Abilities, Weirdness & Mutations

Armour fits poorly on your strangely shaped body.
You have extremely tough skin. (AC +3)
You have a long armoured tail.
You regenerate magic and health when rolling toward enemies. (Rampage Regen)
You are mostly covered in iridescent scales. (AC +4)


Message History

You sock the slime creature!
You tail-slap the slime creature, but do no damage.
The slime creature is lightly wounded.
Two slime creatures merge to form a large slime creature.
Two slime creatures merge to form a very large slime creature.
Two slime creatures merge to form an enormous slime creature.
Aiming: Iceblast
Press: ? - help, Shift-Dir - straight line, f - enormous slime creature
Aim: an enormous slime creature (lightly wounded, haloed)
The mass of ice explodes!
The iceblast engulfs the enormous slime creature!!
The enormous slime creature is lightly wounded.
The iceblast engulfs the slime creature!
The slime creature is moderately wounded.
You roll towards the enormous slime creature!
You hit the enormous slime creature.
The enormous slime creature is lightly wounded.
The enormous slime creature barely misses you.
You hit the enormous slime creature.
You tail-slap the enormous slime creature!
The enormous slime creature is lightly wounded.
You hit the slime creature. You tail-slap the slime creature.
The slime creature is moderately wounded.
The enormous slime creature barely misses you.
The slime creature hits you!
You take 8 damage, and have 78/86 hp.
You hit the slime creature.
You tail-slap the slime creature, but do no damage.
The slime creature is moderately wounded.
An enormous slime creature splits.
The slime creature barely misses you.
You regained 2 hp, and now have 80/86 hp.
You hit the slime creature. You tail-slap the slime creature.
The slime creature is heavily wounded.
The large slime creature hits you! The slime creature hits you.
You take 20 damage, and have 60/86 hp.
MASSIVE DAMAGE!!
You hit the slime creature.
The slime creature is heavily wounded.
The large slime creature hits you. The large slime creature hits you!
The slime creature hits you but does no damage.
You take 9 damage, and have 51/86 hp.
A red film seems to cover your vision as you go berserk!
You feel yourself moving faster!
You feel mighty! The large slime creature hits you!
The large slime creature closely misses you.
The slime creature closely misses you.
You now have 63/129 hp.
You are too injured to fight recklessly!
You are too injured to fight recklessly!
You are too injured to fight recklessly!
You impale the slime creature!!
The slime creature is almost dead.
The large slime creature barely misses you.
You regained 2 hp, and now have 65/129 hp.
You impale the slime creature!!
You kill the slime creature!
Trog accepts your kill.
A large slime creature splits.
You sock the slime creature!
The slime creature is heavily wounded.
The large slime creature hits you but does no damage.
You hit the slime creature.
The slime creature is heavily wounded.
The slime creature hits you.
The slime creature hits you but does no damage.
The large slime creature hits you!!
You take 21 damage, and have 45/129 hp.
You sock the large slime creature! You tail-slap the large slime creature.
The large slime creature is moderately wounded.
The slime creature hits you but does no damage.
You puncture the large slime creature!
The large slime creature is moderately wounded.
The slime creature hits you but does no damage.
The large slime creature hits you but does no damage.
You sock the large slime creature!
The large slime creature is heavily wounded.
The slime creature hits you but does no damage.
You completely miss the large slime creature.
The large slime creature is heavily wounded.
The slime creature hits you. The large slime creature hits you!!
* * * LOW HITPOINT WARNING * * *
You take 23 damage, and have 24/129 hp.
You sock the large slime creature!
The large slime creature is heavily wounded.
The slime creature hits you but does no damage. x2
You sock the large slime creature!
The large slime creature is severely wounded.
The large slime creature hits you!
* * * LOW HITPOINT WARNING * * *
You take 10 damage, and have 14/129 hp.
You puncture the large slime creature!
The large slime creature is severely wounded.
The slime creature hits you.
* * * LOW HITPOINT WARNING * * *
The slime creature hits you.
* * * LOW HITPOINT WARNING * * *
You take 11 damage, and have 3/129 hp.
You puncture the large slime creature!
The large slime creature is almost dead.
The large slime creature hits you!!
You die...

..... ##.......#
##...# ##.....##
#..... ##...## #....#
.# ##'## #..#.# .#
#.#
#....##.########.####
#.##.#...............
#..JJJ..#####.....###
####@#.## #......##
#.#.# ####.....###
#.#.###........###
#.......##..##....
###.######..######
#.######........
#.........######
###########


You could see a large slime creature and 2 slime creatures.

Vanquished Creatures
  A two-headed ogre (D:11)
  Sonja (D:10)
  Pikel (D:7)
  Psyche (D:11)
  3 trolls
  A hornet (D:8)
  5 slime creatures
  A shadow (D:11)
  A water elemental (D:11)
  18 yaks
  Menkaure (D:7)
  3 vampire mosquitoes (D:11)
  3 acid dragons
  2 water moccasins
  Duvessa (D:5)
  An ice beast (D:7)
  2 orc warriors
  A sky beast (D:7)
  2 black bears
  2 ogres (D:5)
  7 centaurs
  2 lemures (D:7)
  A phantom (D:5)
  8 scorpions
  A gnoll sergeant (D:9)
  6 wights
  Dowan (D:5)
  3 killer bees (D:10)
  7 howler monkeys
  4 electric eels (D:11)
  A jelly (D:5)
  2 hounds (D:6)
  3 orc priests
  4 bombardier beetles
  A gnoll bouda (D:5)
  2 iguanas
  A sleepcap (D:5)
  7 orc wizards
  5 adders
  8 gnolls
  A shadow imp (D:5)
  4 ufetubi
  A dart slug (D:2)
  A ribbon worm (D:5)
  30 orcs
  6 ball pythons
  7 endoplasms
  8 goblins
  9 hobgoblins
  4 kobolds
  2 quokkas (D:2)
  7 bats
  7 frilled lizards
  6 rats
218 creatures vanquished.

Notes
Turn   | Place    | Note
-------+----------+-------------------------------------------
     0 | D:1      | gimp the Armataur Monk began the quest for the Orb.
     0 | D:1      | Reached XP level 1. HP: 18/18 MP: 1/1
   162 | D:1      | Reached skill level 3 in Maces & Flails
   280 | D:1      | Reached XP level 2. HP: 25/25 MP: 2/2
   721 | D:1      | Found a faded altar of an unknown god.
   842 | D:2      | Reached XP level 3. HP: 31/31 MP: 3/3
  1310 | D:3      | Reached skill level 1 in Armour
  1310 | D:3      | Reached XP level 4. HP: 29/38 MP: 4/4
  1492 | D:3      | Reached skill level 4 in Maces & Flails
  1813 | D:3      | Identified the +0 chain mail of the Sun {Dex+4}
  1968 | D:3      | Found a bloodstained altar of Trog.
  1972 | D:3      | Found a broken altar of Ashenzari.
  1976 | D:3      | Found a shadowy altar of Dithmenos.
  1984 | D:3      | Became a worshipper of Trog the Wrathful
  1984 | D:3      | Reached * piety under Trog
  1984 | D:3      | Reached ** piety under Trog
  2013 | D:4      | Found Hots's Antique Armour Boutique.
  2038 | D:4      | Found Kohul's General Store.
  2041 | D:4      | Bought a scroll of identify for 22 gold pieces
  2041 | D:4      | Bought a scroll of identify for 22 gold pieces
  2137 | D:4      | Reached XP level 5. HP: 36/46 MP: 5/5
  2236 | D:4      | Found a transporter.
  2249 | D:4      | Reached XP level 6. HP: 38/52 MP: 6/6
  2291 | D:4      | Found a transporter.
  2397 | D:4      | Reached skill level 5 in Maces & Flails
  2457 | D:4      | Found a hazy altar of Hepliaklqana.
  2502 | D:4      | Found Difatev's Distillery.
  2520 | D:4      | Bought a potion of curing for 42 gold pieces
  2692 | D:5      | Entered Level 5 of the Dungeon
  2806 | D:5      | Gained mutation: You regenerate magic and health when
                  | rolling toward enemies. (Rampage Regen) [Armataur growth]
  2806 | D:5      | Reached XP level 7. HP: 58/60 MP: 7/7
  2905 | D:5      | Found a snail-covered altar of Cheibriados.
  2905 | D:5      | Noticed Dowan
  2907 | D:5      | Noticed Duvessa
  2913 | D:5      | Reached skill level 6 in Maces & Flails
  2917 | D:5      | Killed Dowan
  2922 | D:5      | Killed Duvessa
  2970 | D:5      | Found an ornate altar of the Wu Jian Council.
  2974 | D:5      | Found a white marble altar of Elyvilon.
  3043 | D:5      | Reached skill level 5 in Fighting
  3060 | D:5      | Gained mutation: You are partially covered in iridescent
                  | scales. (AC +2) [potion of mutation]
  3060 | D:5      | Gained mutation: You are mostly covered in iridescent
                  | scales. (AC +4) [potion of mutation]
  3139 | D:5      | Reached skill level 5 in Armour
  3139 | D:5      | Reached XP level 8. HP: 68/68 MP: 8/8
  3151 | D:5      | Reached skill level 7 in Maces & Flails
  3724 | D:6      | Found a shimmering altar of Xom.
  3786 | D:6      | Reached skill level 8 in Maces & Flails
  3923 | D:6      | Found a hide-covered altar of Uskayaw.
  4024 | D:6      | Found a staircase to the Ecumenical Temple.
  4038 | Temple   | Entered the Ecumenical Temple
  4288 | D:6      | Reached XP level 9. HP: 45/74 MP: 9/9
  4336 | D:6      | Reached skill level 9 in Maces & Flails
  4517 | D:7      | Noticed Menkaure
  4535 | D:7      | Reached skill level 10 in Maces & Flails
  4569 | D:7      | Found Olyrarer's Antique Armour Boutique.
  4582 | D:7      | Bought a distressingly furry cloak for 237 gold pieces
  4582 | D:7      | Identified the +0 cloak of Waec Doe {+Inv rF+ Dex+3} (You
                  | bought it in a shop on level 7 of the Dungeon)
  4753 | D:7      | Found Tesupt Paas's Armour Shop.
  4771 | D:7      | Noticed Pikel
  4781 | D:7      | Killed Pikel
  4782 | D:7      | Reached XP level 10. HP: 74/81 MP: 10/10
  4788 | D:7      | Killed Menkaure
  5036 | D:8      | Found a staircase to the Lair.
  5062 | D:8      | Reached *** piety under Trog
  5146 | D:8      | Reached skill level 11 in Maces & Flails
  5850 | D:8      | Reached skill level 10 in Armour
  6133 | D:9      | Reached skill level 12 in Maces & Flails
  6498 | D:9      | Noticed a centaur warrior
  6499 | D:9      | Found a runed translucent door.
  6501 | D:9      | Noticed a two-headed ogre
  7265 | D:10     | Entered Level 10 of the Dungeon
  7357 | D:10     | Found an opulent altar of Gozag.
  7508 | D:10     | Found Feacsiegg's Antique Weapon Emporium.
  7511 | D:10     | Bought a runed morningstar for 189 gold pieces
  7562 | D:10     | Reached XP level 11. HP: 81/86 MP: 11/11
  7827 | D:10     | Noticed Sonja
  7830 | D:10     | Killed Sonja
  7993 | D:11     | Reached **** piety under Trog
  8189 | D:11     | Reached skill level 13 in Maces & Flails
  8254 | D:11     | Noticed a two-headed ogre
  8265 | D:11     | Killed a two-headed ogre
  8376 | D:11     | Noticed Psyche
  8380 | D:11     | Killed Psyche
  9368 | D:12     | HP: 3/129 [slime creature (6)]
  9369 | D:12     | Demolished by a large slime creature

Illustrated notes

Levels and vault maps discovered:
D:1:      psy_arrival_spokes, layout_basic,
          hellmonk_ecumenical_altar_prayer_group, minmay_cut_off
D:2:      layout_basic
D:3:      layout_loops_ring, grunt_temple_overflow_diamond,
          kennysheep_another_room, serial_bayou_crossing
D:4:      gammafunk_steamed_eel, layout_loops_ring,
          mainiacjoe_overflow_six_doors_small, serial_shops, shop,
          kennysheep_mini, shop, corexii_hall_statues_x
D:5:      layout_loops_ring, chequers_temple_overflow_statue_of_worship,
          mainiacjoe_overflow_paths, uniq_duvessa
D:6:      layout_loops_cross, amcnicky_altar_gilded, nicolae_uskayaw_suspiria,
          minmay_temple_entry_junction, minmay_misc_feat_five
D:7:      layout_cave_pools, serial_shops, shop, shop, uniq_pikel, uniq_menkaure
D:8:      layout_basic, lair_entry_dummy
D:9:      layout_layer_cave, minmay_st_funbox
D:10:     layout_loops_ring, mainiacjoe_overflow_chevrons, serial_shops,
          nicolae_shop_real_fake_doors, uniq_sonja
D:11:     layout_basic, uniq_psyche
D:12:     layout_loops_corners, erik_orc_1
Temple:   nicolae_temple_bog_church

Skill      XL: |  1  2  3  4  5  6  7  8  9 10 11 |
---------------+----------------------------------+-----
Maces & Flails | 3 4 5 6 8 10 12 13 | 13.4
Fighting       | 3 4 5 |  5.0
Armour         | 1 2 3 5 7 9 11 12 | 12.0
Dodging        | |  2.1

Action                     |  1- 3 |  4- 6 |  7- 9 | 10-12 || total
---------------------------+-------+-------+-------+-------++-------
  Melee: Mace              |    55 |       |       |       ||    55
         Tailslap          |    11 |    14 |    66 |    65 ||   156
         Flail             |    40 |   101 |   254 |   189 ||   584
         Morningstar       |       |       |       |   104 ||   104
  Throw: Dart              |       |       |       |     5 ||     5
 Invoke: Berserk           |       |     1 |     7 |     8 ||    16
         Trog's Hand       |       |       |     2 |     1 ||     3
  Evoke: Wand              |       |       |       |    14 ||    14
    Use: Scroll            |       |     2 |       |    13 ||    15
         Potion            |       |     1 |     7 |     1 ||     9
 Armour: Robe              |    58 |    78 |   305 |   116 ||   557
         Skin              |       |     5 |       |       ||     5
         Plate armour      |       |       |       |   203 ||   203
  Dodge: Dodged            |    45 |    50 |   197 |    76 ||   368

Table legend: (Time is in decaauts)
 A = Elapsed time spent in this place.
 B = Non-inter-level travel time spent in this place.
 C = Inter-level travel time spent in this place.
 D = Time resting spent in this place.
 E = Time spent auto-exploring this place.
 F = Levels seen in this place.
 G = Mean time per level.
                   A        B        C        D        E       F      G
               +--------+--------+--------+--------+--------+-----+--------+
         Total |   9490 |   9157 |    333 |    328 |   7086 |  13 |  730.0 |
       Dungeon |   9489 |   9156 |    333 |    328 |   7086 |  12 |  790.8 |
        Temple |      1 |      1 |      0 |      0 |      0 |   1 |    1.0 |
               +--------+--------+--------+--------+--------+-----+--------+

Top non-repeatable levels by time:
     D:9: 1339 daAuts
    D:11: 1211 daAuts
     D:5: 918 daAuts
     D:8: 902 daAuts
     D:1: 851 daAuts
     D:6: 780 daAuts
     D:3: 756 daAuts
     D:4: 740 daAuts
    D:10: 706 daAuts
     D:7: 667 daAuts
     D:2: 430 daAuts
    D:12: 183 daAuts
  Temple: 1 daAuts
